[Event "Titled Tuesday Blitz June 27 Late 2023"]
[White "Broca Jimenez, Fernando"]
[Black "Sokolov, Andrei"]
[WhiteFideId "5104742"]
[BlackFideId "11600306"]
[WhiteElo "2227"]
[BlackElo "2332"]
[Result "1-0"]
[Round "9"]
[TimeControl "180+2"]
[Date "2023.06.27"]
[WhiteClock "0:00:13"]
[BlackClock "0:00:11"]
[Board "107"]

1. Nf3 d5 2. b3 Bf5 3. Bb2 e6 4. d3 Nf6 5. Nbd2 Nbd7 6. g3 Bd6 7. Bg2 O-O 8. O-O c6 9. Re1 Bg6 10. e4 dxe4 11. dxe4 Bc5 12. Qe2 Qc7 13. Rad1 Rad8 14. a3 b5 15. e5 Nd5 16. Ne4 Bxe4 17. Qxe4 Qb6 18. Rf1 Rfe8 19. Ng5 Nf8 20. Qf3 Qb7 21. Rd2 h6 22. Ne4 Be7 23. Rc1 Nb6 24. Rcd1 Rxd2 25. Rxd2 Qc7 26. Nd6 Rd8 27. Qxc6 Bxd6 28. exd6 Qxc6 29. Bxc6 a6 30. Bc3 Nfd7 31. Ba5 Rb8 32. Bxb6 Nxb6 33. d7 Rd8 34. c3 Kf8 35. f4 Ke7 36. a4 Nxd7 37. axb5 axb5 38. Bxb5 Nb6 39. Rxd8 Kxd8 40. Kf2 Nd5 41. c4 Nc7 42. Ke3 Ke7 43. Kd4 Kd6 44. c5+ Ke7 45. Bc4 f6 46. b4 Kd7 47. b5 Ne8 48. b6 Kc6 49. Kc3 e5 50. Kb4 exf4 51. gxf4 f5 52. Bb5+ Kd5 53. Bxe8 Kd4 54. b7 Ke4 55. b8=Q Ke3 56. Qe5+ Kf3 57. Qxf5 Ke3 58. Qg6 Kf3 59. Qxg7 Kf2 60. f5 Ke3 61. f6 Kf2 62. f7 Ke2 63. f8=Q Kd1 64. Qd6+ Kc2 65. Qgd4 Kc1 66. Qc3+ Kb1 67. Qd1+ Ka2 68. Qda1# 1-0


[Site "https://www.chess.com"]

[Event "Titled Tuesday Blitz June 27 Late 2023"]
[White "Szente Varga, Fruzsina"]
[Black "Vila Dupla, Aurelio"]
[WhiteFideId "712264"]
[BlackFideId "2203383"]
[WhiteElo "2313"]
[BlackElo "2191"]
[Result "1-0"]
[Round "9"]
[TimeControl "180+2"]
[Date "2023.06.27"]
[WhiteClock "0:00:10"]
[BlackClock "0:00:00"]
[Board "108"]

1. e4 c5 2. Nf3 d6 3. d4 cxd4 4. Qxd4 Nc6 5. Bb5 Bd7 6. Qd3 g6 7. c4 Bg7 8. Nc3 Nf6 9. O-O O-O 10. h3 a6 11. Bxc6 Bxc6 12. Be3 b5 13. cxb5 axb5 14. Nd4 Qd7 15. a3 Rab8 16. Rac1 Ba8 17. Ndxb5 Nxe4 18. Nxe4 Qxb5 19. Qxb5 Rxb5 20. Ng3 Bxb2 21. Rc7 Bf6 22. Rfc1 Rfb8 23. Kh2 Kg7 24. a4 Ra5 25. R1c4 Bd5 26. Rg4 Kh8 27. Bg5 Bxg5 28. Rxg5 e6 29. Rg4 Kg7 30. Nh5+ Kh6 31. Nf6 Kg7 32. Nxd5 Rxd5 33. Rf4 Rf8 34. Ra7 e5 35. Rb4 Rd4 36. Rxd4 exd4 37. Rd7 Ra8 38. Rxd6 Rxa4 39. Kg3 h5 40. Kf3 Kf8 41. Ke4 Ra2 42. Kf3 Rd2 43. g4 hxg4+ 44. hxg4 Ke7 45. Rd5 Kf6 46. Kg3 Ke6 47. Rd8 Kf6 48. f4 Kg7 49. Kf3 Rd3+ 50. Ke4 Rg3 51. g5 Rg4 52. Rxd4 Rg1 53. Ke5 Re1+ 54. Re4 Rxe4+ 55. Kxe4 f6 56. Kd5 fxg5 57. fxg5 Kg8 58. Ke6 Kg7 59. Ke7 Kg8 60. Kf6 Kh7 61. Kf7 Kh8 62. Kxg6 Kg8 63. Kh6 Kh8 64. g6 Kg8 65. g7 1-0


[Site "https://www.chess.com"]

[Event "Titled Tuesday Blitz June 27 Late 2023"]
[White "Powell, Paul"]
[Black "Zampronha, Wladimir Camilo"]
[WhiteFideId "2005840"]
[BlackFideId "2103087"]
[WhiteElo "2184"]
[BlackElo "2284"]
[Result "0-1"]
[Round "9"]
[TimeControl "180+2"]
[Date "2023.06.27"]
[WhiteClock "0:00:00"]
[BlackClock "0:00:14"]
[Board "109"]

1. d4 Nf6 2. Nf3 e6 3. Bf4 c5 4. c3 d5 5. e3 Nc6 6. Bd3 Bd6 7. O-O Bxf4 8. exf4 cxd4 9. Nxd4 Nxd4 10. cxd4 O-O 11. Nc3 Qb6 12. Ne2 Qxb2 13. h3 Qa3 14. g4 Qd6 15. Qc2 h6 16. g5 hxg5 17. fxg5 Nh5 18. f4 g6 19. Qd2 Bd7 20. Qe3 Kg7 21. Rae1 Rac8 22. Ng3 Nxg3 23. Qxg3 Rh8 24. h4 Rc3 25. Re3 Qa3 26. Rfe1 Qb4 27. f5 Qxd4 28. f6+ Kg8 29. Bxg6 fxg6 30. Qb8+ Rc8 31. Qg3 Qxh4 32. Qf3 Qh2+ 33. Kf1 Qh1+ 34. Ke2 Qxf3+ 35. Rxf3 Kf7 0-1


[Site "https://www.chess.com"]

[Event "Titled Tuesday Blitz June 27 Late 2023"]
[White "Oliveira, Tiago Batista"]
[Black "Bulgurlu, Okan"]
[WhiteFideId "2108291"]
[BlackFideId "6352316"]
[WhiteElo "2167"]
[BlackElo "2282"]
[Result "0-1"]
[Round "9"]
[TimeControl "180+2"]
[Date "2023.06.27"]
[WhiteClock "0:00:00"]
[BlackClock "0:00:39"]
[Board "110"]

1. d4 d5 2. c4 c6 3. Nf3 Nf6 4. Qc2 g6 5. Nc3 Bg7 6. e3 O-O 7. b3 a6 8. Ba3 dxc4 9. Bxc4 Bf5 10. e4 Nxe4 11. Nxe4 Bxe4 12. Qxe4 Qa5+ 13. Kf1 Qxa3 14. h4 b5 15. Bd3 Qd6 16. h5 Nd7 17. hxg6 fxg6 18. Re1 e5 19. dxe5 Nxe5 20. Nxe5 Bxe5 21. Bc2 Bd4 22. f3 Rae8 23. Qh4 Rxe1+ 24. Qxe1 Qe5 25. Qe4 Qxe4 26. Bxe4 c5 27. Ke2 Rd8 28. Rc1 Kf7 29. a4 bxa4 30. bxa4 Rb8 31. Kd3 Rb3+ 32. Kc4 Rb4+ 33. Kd5 Rxa4 34. Rb1 Ra2 35. Rb7+ Kf6 36. Rxh7 Rxg2 37. Ra7 Ra2 38. Ra8 a5 0-1


[Site "https://www.chess.com"]

[Event "Titled Tuesday Blitz June 27 Late 2023"]
[White "Waldo Zalapa, Alejandro"]
[Black "Kostiukov, Alexandr"]
[WhiteFideId "5106109"]
[BlackFideId "14108100"]
[WhiteElo "2164"]
[BlackElo "2279"]
[Result "0-1"]
[Round "9"]
[TimeControl "180+2"]
[Date "2023.06.27"]
[WhiteClock "0:00:35"]
[BlackClock "0:00:02"]
[Board "111"]

1. e4 c5 2. d4 cxd4 3. c3 g6 4. cxd4 d5 5. e5 Nc6 6. Nc3 Bg7 7. Be3 Nh6 8. Bd3 Ng4 9. Qd2 Nxe3 10. Qxe3 O-O 11. Nf3 Bg4 12. O-O Bxf3 13. gxf3 e6 14. Bb5 Ne7 15. Ne2 Nf5 16. Qd2 Nh4 17. Qd3 Qg5+ 18. Ng3 Qf4 19. Rfd1 Nxf3+ 20. Kg2 Nh4+ 21. Kg1 Rac8 22. Qb3 Rc7 23. Be2 Rfc8 24. a3 h5 25. Qa4 a6 26. Qb3 Bh6 27. Qb6 Nf3+ 28. Kg2 Nh4+ 29. Kg1 Kg7 30. Qb4 Rc2 31. Qxb7 Rxe2 32. Nxe2 Qf3 33. Kf1 Qg2+ 34. Ke1 Qh1+ 35. Ng1 Qxg1+ 36. Ke2 Rc2+ 37. Kd3 Qxf2 0-1


[Site "https://www.chess.com"]

[Event "Titled Tuesday Blitz June 27 Late 2023"]
[White "NtcPou"]
[Black "Vaglio Munoz, Jaime"]
[BlackFideId "6500145"]
[WhiteElo "1989"]
[BlackElo "2276"]
[Result "0-1"]
[Round "9"]
[TimeControl "180+2"]
[Date "2023.06.27"]
[WhiteClock "0:00:07"]
[BlackClock "0:00:21"]
[Board "112"]

1. e4 c5 2. Nf3 Qa5 3. a4 a6 4. Nc3 b5 5. d4 cxd4 6. Nxd4 b4 7. Nd5 e6 8. Ne3 Bb7 9. Bd3 Nf6 10. Nb3 Qc7 11. f3 d5 12. exd5 Nxd5 13. Nxd5 Bxd5 14. O-O Be7 15. Be3 O-O 16. Bf2 Nd7 17. Qe2 a5 18. Nd4 Nc5 19. Bb5 Bf6 20. c4 bxc3 21. bxc3 Nb3 22. Nxb3 Bxb3 23. Rab1 Bd5 24. c4 Bb7 25. Rfd1 h5 26. Qe3 h4 27. Qb6 Qxb6 28. Bxb6 Rfc8 29. Rd7 Bc6 30. Bxc6 Rxc6 31. c5 g5 32. Kf2 Kg7 33. Ke3 Kg6 34. Kd3 Be5 35. Kc4 Bxh2 36. Kb5 Rac8 37. Rc1 Bf4 38. Rc4 Be3 39. Ra7 Bd2 40. Bxa5 Bf4 41. Bb6 e5 42. Re7 Kf6 43. Rd7 Ke6 44. Rd5 f5 45. Rd8 g4 46. fxg4 fxg4 47. Rxc8 Rxc8 48. a5 h3 49. gxh3 gxh3 50. Rc1 h2 51. Rh1 e4 52. a6 e3 53. a7 e2 54. Ka6 Bg3 55. Kb7 Rh8 56. a8=Q Rxa8 57. Kxa8 e1=Q 58. Rxe1+ Bxe1 59. c6 Bg3 60. c7 Bxc7 61. Bxc7 h1=Q+ 62. Kb8 Kd7 63. Bb6 Qb1 64. Ka7 Kc6 65. Ka6 Qxb6# 0-1


[Site "https://www.chess.com"]

[Event "Titled Tuesday Blitz June 27 Late 2023"]
[White "Cardenas Carbajal, Nilson"]
[Black "Vasquez Garrido, Nuremberg"]
[WhiteFideId "8401128"]
[BlackFideId "4432118"]
[WhiteElo "2112"]
[BlackElo "2071"]
[Result "0-1"]
[Round "9"]
[TimeControl "180+2"]
[Date "2023.06.27"]
[WhiteClock "0:00:00"]
[BlackClock "0:00:14"]
[Board "113"]

1. e4 Nc6 2. Nf3 d5 3. exd5 Qxd5 4. Nc3 Qa5 5. d3 Bg4 6. Be2 O-O-O 7. O-O e6 8. a3 Nf6 9. Bd2 Bd6 10. b4 Qh5 11. g3 Bh3 12. Nh4 Ng4 13. Re1 Nd4 14. Ne4 f6 15. Bf1 Bxf1 16. Rxf1 g5 17. h3 gxh4 18. Qxg4 Qxg4 19. hxg4 Nf3+ 20. Kg2 Nxd2 21. Nxd2 hxg3 22. fxg3 f5 23. gxf5 exf5 24. Rae1 Rhg8 25. Re3 f4 26. Ref3 fxg3 27. Ne4 Be5 28. Nxg3 h5 29. Rh1 Rg5 30. Rxh5 Rdg8 31. Rxg5 Rxg5 32. Kf2 Bb2 33. Ne4 Rh5 34. a4 Rh2+ 35. Ke3 Rxc2 36. Nc5 Kd8 37. Rf8+ Ke7 38. Rf5 b6 39. Ne4 Ba3 40. Re5+ Kd7 41. Rh5 Bxb4 42. Rh7+ Kc6 43. Rh6+ Kb7 44. d4 a5 45. Kd3 Ra2 46. d5 Rxa4 47. Rh7 Bd6 48. Nxd6+ Ka6 49. Nc4 b5 50. Ne5 b4 51. Rxc7 Ra3+ 0-1


[Site "https://www.chess.com"]

[Event "Titled Tuesday Blitz June 27 Late 2023"]
[White "Dmitriev, Sergey"]
[Black "Aqib Javaid Butt"]
[WhiteFideId "14101785"]
[BlackFideId "7801262"]
[WhiteElo "1949"]
[BlackElo "2024"]
[Result "1-0"]
[Round "9"]
[TimeControl "180+2"]
[Date "2023.06.27"]
[WhiteClock "0:00:47"]
[BlackClock "0:00:16"]
[Board "114"]

1. d4 d5 2. Bf4 c6 3. Nf3 Nf6 4. e3 Bf5 5. Bd3 Bxd3 6. cxd3 e6 7. h3 Bd6 8. Ne5 Qc7 9. Nd2 Nfd7 10. Qh5 Nxe5 11. dxe5 Be7 12. Nf3 Nd7 13. O-O g6 14. Qg4 Bf8 15. d4 Bg7 16. Rac1 O-O 17. Qh4 Qd8 18. Qg3 f6 19. exf6 Qxf6 20. Bd6 Rfe8 21. Ne5 Nxe5 22. dxe5 Qf5 23. f3 Qd3 24. f4 Bf8 25. Bxf8 Rxf8 26. Rcd1 Qe4 27. Qg4 Qf5 28. Qh4 Kg7 29. Qe7+ Qf7 30. Qd6 Rad8 31. Qc5 Ra8 32. b4 Qc7 33. b5 Rf7 34. Rc1 Rc8 35. bxc6 bxc6 36. Qa3 c5 37. Rc2 Qb6 38. Rfc1 c4 39. Kf2 Rfc7 40. Rc3 d4 41. exd4 Qxd4+ 42. Kg3 g5 43. fxg5 Qxe5+ 44. Kf2 Rf8+ 45. Kg1 Qxg5 46. Qd6 Qf6 47. Qxc7+ Rf7 48. Rg3+ Kh8 49. Qc8+ Rf8 50. Qxc4 Qf2+ 51. Kh2 Qf4 52. Qxf4 Rxf4 53. Rc8+ Rf8 54. Rxf8# 1-0


[Site "https://www.chess.com"]

[Event "Titled Tuesday Blitz June 27 Late 2023"]
[White "Burke, Paul"]
[Black "Sainz Aguirre, Ignacio"]
[WhiteFideId "2605767"]
[BlackFideId "5101727"]
[WhiteElo "1935"]
[BlackElo "1968"]
[Result "1-0"]
[Round "9"]
[TimeControl "180+2"]
[Date "2023.06.27"]
[WhiteClock "0:00:48"]
[BlackClock "0:00:00"]
[Board "115"]

1. e4 e6 2. d4 d5 3. e5 c5 4. Qg4 cxd4 5. Nf3 Nc6 6. Bd3 Qa5+ 7. c3 dxc3 8. bxc3 Nge7 9. O-O Ng6 10. Qg3 Be7 11. h4 Qc7 12. Re1 Bf8 13. Na3 a6 14. Nc2 f5 15. h5 Nge7 16. Bf4 Bd7 17. Ncd4 O-O-O 18. Nxf5 Nxf5 19. Bxf5 Bc5 20. Bd3 Rdf8 21. Bf1 h6 22. c4 Rf7 23. cxd5 Nb4 24. d6 Qb6 25. Be3 Rhf8 26. Bxc5 Qxc5 27. Rac1 Nc2 28. Bd3 Ba4 29. Bxc2 Bxc2 30. Re2 Kb8 31. Rexc2 Qd5 32. Rd2 1-0


[Site "https://www.chess.com"]

[Event "Titled Tuesday Blitz June 27 Late 2023"]
[White "Winkels, Marcel"]
[Black "Crispin Ferreras, Darvi Abraham"]
[WhiteFideId "1003887"]
[BlackFideId "6402771"]
[WhiteElo "2073"]
[BlackElo "2279"]
[Result "0-1"]
[Round "9"]
[TimeControl "180+2"]
[Date "2023.06.27"]
[WhiteClock "0:00:00"]
[BlackClock "0:01:12"]
[Board "116"]

1. e4 e6 2. d4 d5 3. e5 c5 4. c3 Nc6 5. Nf3 Qb6 6. Bd3 Nh6 7. O-O cxd4 8. Qe2 dxc3 9. Nxc3 Be7 10. a4 a6 11. Bxh6 gxh6 12. Qd2 Bd7 13. Qxh6 Qxb2 14. Rfc1 Nb4 15. Bf1 Rc8 16. Qe3 Nc2 17. Qd2 Qxc3 18. Qxc3 Rxc3 19. Ra2 Rg8 20. Kh1 Nb4 21. Rxc3 Nxa2 22. Rb3 Bc6 23. Nd4 Nb4 24. a5 Kd7 25. g3 Rg4 26. f4 Rg8 27. Bh3 Bc5 28. Nxc6 Kxc6 29. f5 Rg5 30. fxe6 fxe6 0-1


[Site "https://www.chess.com"]

[Event "Titled Tuesday Blitz June 27 Late 2023"]
[White "campochess"]
[Black "Allam, Yara"]
[BlackFideId "10615709"]
[WhiteElo "2145"]
[BlackElo "2057"]
[Result "0-1"]
[Round "9"]
[TimeControl "180+2"]
[Date "2023.06.27"]
[WhiteClock "0:00:33"]
[BlackClock "0:00:21"]
[Board "117"]

1. e4 c5 2. Na3 e6 3. c3 a6 4. Nf3 Nc6 5. Bd3 d6 6. O-O Nf6 7. Re1 Qc7 8. Nb1 Be7 9. Bf1 O-O 10. d4 cxd4 11. cxd4 d5 12. e5 Ne4 13. Nbd2 Nxd2 14. Bxd2 Qb6 15. Bc3 Bd7 16. Rc1 Rac8 17. Bd3 h6 18. Bb1 Nb4 19. a3 Nc6 20. Qd3 g6 21. Bd2 Kg7 22. Qe3 Rh8 23. h4 Na5 24. Bxa5 Qxa5 25. h5 g5 26. Nh2 Qb6 27. b4 a5 28. f4 axb4 29. axb4 Qxb4 30. Ng4 Qa3 31. Qd2 Qg3 32. Nf6 Bb5 33. f5 Bxf6 34. exf6+ Kxf6 35. fxe6 fxe6 36. Re3 Qg4 37. Qf2+ Kg7 38. Rg3 Rxc1+ 39. Kh2 Qh4+ 40. Rh3 Qxf2 0-1


[Site "https://www.chess.com"]

[Event "Titled Tuesday Blitz June 27 Late 2023"]
[White "Ricaurte Lopez, Juan Carlos"]
[Black "Gyulamiryan-koryun"]
[WhiteFideId "3600327"]
[WhiteElo "2102"]
[BlackElo "2056"]
[Result "1-0"]
[Round "9"]
[TimeControl "180+2"]
[Date "2023.06.27"]
[WhiteClock "0:01:33"]
[BlackClock "0:00:00"]
[Board "118"]

1. e4 e5 2. d4 exd4 3. c3 dxc3 4. Nxc3 g6 5. Bc4 Bg7 6. Nf3 Ne7 7. Ng5 O-O 8. h4 Nbc6 9. h5 Ne5 10. Bb3 h6 11. hxg6 N7xg6 12. Qh5 c6 13. Nxf7 Nxf7 14. Qxg6 d5 15. Bxh6 Qf6 16. Qxf6 Bxf6 17. Bxf8 Kxf8 18. exd5 c5 19. O-O-O Bf5 20. f3 Bg5+ 21. Rd2 Bxd2+ 22. Kxd2 Nd6 23. g4 1-0


[Site "https://www.chess.com"]

[Event "Titled Tuesday Blitz June 27 Late 2023"]
[White "Bongo Akanga Ndjila, Barthelemy"]
[Black "Ng, Matthew K"]
[WhiteFideId "10609431"]
[BlackFideId "2094371"]
[WhiteElo "2076"]
[BlackElo "2050"]
[Result "1-0"]
[Round "9"]
[TimeControl "180+2"]
[Date "2023.06.27"]
[WhiteClock "0:01:05"]
[BlackClock "0:00:00"]
[Board "119"]

1. d4 Nf6 2. c4 g6 3. Nc3 Bg7 4. e4 d6 5. Be2 O-O 6. Nf3 e5 7. d5 a5 8. O-O Na6 9. Bg5 h6 10. Be3 Ng4 11. Bc1 f5 12. exf5 gxf5 13. Ne1 Nf6 14. f4 Nc5 15. Nc2 Qe8 16. Nb5 Qe7 17. Rb1 Nfe4 18. Bf3 Kh7 19. b4 axb4 20. Nxb4 Bf6 21. a3 Rg8 22. Kh1 Bh4 23. Bxe4 Nxe4 24. Qe2 Qg7 25. fxe5 dxe5 26. Be3 Bg3 27. Bg1 Qg4 28. Qxg4 fxg4 29. d6 cxd6 30. hxg3 Nxg3+ 31. Kh2 Nxf1+ 32. Rxf1 Bd7 33. Nxd6 Rxa3 34. Nd5 g3+ 35. Kh1 Rg5 36. Nf6+ Kg6 37. Nde4 Rf5 38. Rd1 1-0


[Site "https://www.chess.com"]

[Event "Titled Tuesday Blitz June 27 Late 2023"]
[White "Nakamura, Hikaru"]
[Black "Bortnyk, Olexandr"]
[WhiteFideId "2016192"]
[BlackFideId "14120828"]
[WhiteElo "3217"]
[BlackElo "3014"]
[Result "0-1"]
[Round "10"]
[TimeControl "180+2"]
[Date "2023.06.27"]
[WhiteClock "0:00:08"]
[BlackClock "0:00:06"]
[Board "1"]

1. d4 Nf6 2. Bg5 e6 3. e4 Be7 4. Nd2 d5 5. e5 Nfd7 6. Bxe7 Qxe7 7. Qg4 f5 8. exf6 Nxf6 9. Qh4 c5 10. Ngf3 Nc6 11. Bb5 O-O 12. Bxc6 bxc6 13. O-O cxd4 14. Nxd4 c5 15. N4f3 e5 16. h3 e4 17. Nh2 Qe5 18. c3 Rb8 19. Rab1 Ba6 20. c4 Rxb2 21. Rfd1 Rxb1 22. Rxb1 dxc4 23. Ndf1 c3 24. Rc1 Bxf1 25. Nxf1 Nd5 26. Qg4 Qd4 27. Kh1 Qxf2 28. Qxe4 Qd4 29. Qe6+ Kh8 30. Qd6 Re8 31. Re1 Rg8 32. Qe6 c2 33. Qe2 Qb2 34. Qd2 Nb4 35. Ne3 Qxa2 36. Rc1 Qb2 37. Nxc2 a5 38. Kh2 a4 39. Qd1 a3 40. Na1 Qe5+ 41. Kh1 a2 42. Qg1 Nd3 43. Rc2 Ra8 44. Qf1 Nb4 45. Re2 Qd4 46. Qe1 Rg8 47. Nb3 Qd5 48. Na1 h6 49. Qc1 Qd4 50. Nb3 Qd3 51. Rb2 Rd8 52. Kh2 Qd6+ 53. g3 Qd1 54. Qxc5 Nd3 0-1


[Site "https://www.chess.com"]

[Event "Titled Tuesday Blitz June 27 Late 2023"]
[White "Martinez Alcantara, Jose Eduardo"]
[Black "Yoo, Christopher Woojin"]
[WhiteFideId "3805662"]
[BlackFideId "30909694"]
[WhiteElo "3033"]
[BlackElo "3003"]
[Result "1-0"]
[Round "10"]
[TimeControl "180+2"]
[Date "2023.06.27"]
[WhiteClock "0:01:00"]
[BlackClock "0:00:20"]
[Board "2"]

1. e4 e6 2. d4 d5 3. Nd2 Be7 4. Ngf3 Nf6 5. Bd3 c5 6. dxc5 d4 7. Nb3 Nc6 8. Nbxd4 Nxd4 9. Nxd4 Bxc5 10. Nb3 Bb4+ 11. Bd2 Qb6 12. Bxb4 Qxb4+ 13. Qd2 Qxd2+ 14. Kxd2 b6 15. f3 Bb7 16. Ke3 Ke7 17. a4 a5 18. Bb5 Rhc8 19. c3 Ne8 20. Bxe8 Kxe8 21. Rhd1 Ke7 22. Nd4 Rc4 23. Nb5 Bc6 24. Na3 Rc5 25. Nc2 e5 26. Rd3 Bd7 27. b3 b5 28. axb5 Bxb5 29. c4 Bc6 30. Rc3 Rb8 31. Ne1 a4 32. Nd3 Ra5 33. b4 Raa8 34. b5 Be8 35. Rca3 f6 36. Rxa4 Rxa4 37. Rxa4 Rb7 38. Nb4 Kd6 39. Nd3 h5 40. Kd2 h4 41. Ra6+ Ke7 42. Nb4 Bf7 43. Nd5+ Kd7 44. c5 1-0


[Site "https://www.chess.com"]

[Event "Titled Tuesday Blitz June 27 Late 2023"]
[White "Sargsyan, Shant"]
[Black "Mihajlov, Sebastian"]
[WhiteFideId "13306766"]
[BlackFideId "1512110"]
[WhiteElo "3032"]
[BlackElo "2761"]
[Result "0-1"]
[Round "10"]
[TimeControl "180+2"]
[Date "2023.06.27"]
[WhiteClock "0:00:00"]
[BlackClock "0:00:16"]
[Board "3"]

1. c4 Nf6 2. g3 g6 3. Bg2 Bg7 4. Nc3 O-O 5. Nf3 d6 6. O-O Nc6 7. d3 h6 8. Rb1 e5 9. b4 Ne8 10. b5 Ne7 11. a4 f5 12. Nd2 c6 13. Ba3 g5 14. bxc6 bxc6 15. e3 g4 16. Ne2 h5 17. d4 e4 18. Nf4 Nf6 19. h4 Kh7 20. d5 c5 21. Bb2 Qe8 22. Qc2 a5 23. Bc3 Bd7 24. Rb6 Nc8 25. Rb7 Bxa4 26. Qb2 Rf7 27. Bxf6 Bxf6 28. Qxf6 Rxb7 29. Ne6 Rf7 30. Ng5+ Kg8 31. Nxf7 Qxf7 32. Qg5+ Kh8 33. Qh6+ Kg8 34. Qg5+ Kh8 35. Rb1 Be8 36. Nxe4 fxe4 37. Bxe4 Qg7 38. Qd8 Qe7 39. Qxe7 Nxe7 40. Rb7 Ng6 41. Bc2 a4 42. Rb6 a3 43. Bb1 Ne5 44. Ba2 Bg6 45. Rxd6 Nf3+ 46. Kg2 Kg7 47. Rd7+ Bf7 48. Rc7 Rb8 49. d6 Rb2 50. d7 Rd2 51. Bb3 Kf6 52. Ra7 Ke7 53. d8=Q+ Kxd8 54. Rxf7 Rb2 55. Bd1 a2 56. Ra7 Rb1 57. Bxf3 a1=Q 58. Ra8+ Kc7 59. Rxa1 gxf3+ 60. Kxf3 Rxa1 61. g4 hxg4+ 62. Kxg4 Kd6 63. h5 Ke6 64. f4 Kf6 65. e4 Rg1+ 66. Kf3 Rc1 67. Kg4 Rxc4 68. e5+ Ke6 69. Kg5 Rc1 70. h6 Rg1+ 71. Kh5 c4 72. h7 Rh1+ 73. Kg6 c3 74. f5+ Kxe5 75. f6 Rxh7 0-1


[Site "https://www.chess.com"]

[Event "Titled Tuesday Blitz June 27 Late 2023"]
[White "Rasulov, Vugar"]
[Black "Horvath, Dominik"]
[WhiteFideId "13402390"]
[BlackFideId "1642561"]
[WhiteElo "2951"]
[BlackElo "2917"]
[Result "1-0"]
[Round "10"]
[TimeControl "180+2"]
[Date "2023.06.27"]
[WhiteClock "0:00:03"]
[BlackClock "0:00:00"]
[Board "4"]

1. d4 Nf6 2. c4 g6 3. Nf3 Bg7 4. g3 O-O 5. Bg2 d6 6. O-O Bf5 7. b3 a5 8. Bb2 Nc6 9. Nc3 Ne4 10. Re1 Nxc3 11. Bxc3 Be4 12. Qd2 d5 13. Rad1 e6 14. Bf1 Bxf3 15. exf3 a4 16. c5 axb3 17. axb3 Ne7 18. Bd3 c6 19. Kg2 h5 20. b4 Ra3 21. Ra1 Rxa1 22. Rxa1 Nf5 23. Bxf5 exf5 24. b5 Re8 25. b6 h4 26. Qf4 hxg3 27. hxg3 Qb8 28. Qxb8 Rxb8 29. Ra7 g5 30. Kf1 Kf8 31. Ke2 Ke8 32. Kd3 Kf8 33. Bd2 Bf6 34. Be3 Ke8 35. f4 g4 36. Ke2 Ke7 37. f3 gxf3+ 38. Kxf3 Bg7 39. g4 Ke6 40. Bf2 fxg4+ 41. Kxg4 f5+ 42. Kf3 Bf6 43. Ke2 Kf7 44. Kd3 Ke6 45. Be3 Kf7 46. Bd2 Ke6 47. Ra1 Kf7 48. Be3 Re8 49. Ra7 Rb8 50. Ke2 Kg6 51. Kf3 Kf7 52. Bf2 Ke6 53. Ra1 Kf7 54. Rh1 Ra8 55. Rh7+ Bg7 56. Rh5 Kg6 57. Rg5+ Kf6 58. Bh4 Rh8 59. Kg3 Kf7 60. Rxf5+ Ke6 61. Rg5 Bxd4 62. Rg6+ Kf5 63. Rg5+ Ke4 64. Rg6 Bxc5 65. Kg4 d4 66. Re6+ Kd5 67. Re5+ Kc4 68. f5 d3 69. Re1 d2 70. Rd1 Kd3 71. Bg5 Bb4 72. Rg1 Kc2 73. Rg2 Kd3 74. Rg3+ Ke2 75. Rg2+ Kf1 76. Rxd2 Bxd2 77. Bxd2 Ke2 78. Bf4 Kd3 79. f6 Ke4 80. Bc7 Rf8 81. Kg5 Kd5 82. Kf5 c5 83. Bf4 Rf7 84. Bd2 c4 85. Bc3 Rf8 86. Bb4 Rf7 87. Bc3 Rd7 88. Bb2 Kc5 89. Ke6 Rd2 90. f7 Re2+ 91. Be5 Rf2 92. Bf6 Re2+ 93. Kd7 Rd2+ 94. Kc7 1-0


[Site "https://www.chess.com"]

[Event "Titled Tuesday Blitz June 27 Late 2023"]
[White "Indjic, Aleksandar"]
[Black "Nihal Sarin"]
[WhiteFideId "911925"]
[BlackFideId "25092340"]
[WhiteElo "2970"]
[BlackElo "3107"]
[Result "0-1"]
[Round "10"]
[TimeControl "180+2"]
[Date "2023.06.27"]
[WhiteClock "0:00:06"]
[BlackClock "0:00:17"]
[Board "5"]

1. e4 e5 2. Nf3 Nc6 3. Bb5 a6 4. Ba4 Nf6 5. O-O Bc5 6. Bxc6 dxc6 7. d3 Qe7 8. Be3 Bg4 9. Nbd2 Nd7 10. Qe1 f6 11. Bxc5 Nxc5 12. Qe3 Ne6 13. a4 O-O 14. a5 c5 15. Kh1 Rad8 16. b3 Qf7 17. Nc4 Qh5 18. Ne1 Nd4 19. Rb1 Be6 20. f3 Qe8 21. Rf2 Qb5 22. Qd2 Nc6 23. Ra1 Qb4 24. Qxb4 cxb4 25. Kg1 Nd4 26. Ne3 Rd6 27. g3 Rc6 28. f4 Rc5 29. f5 Bf7 30. Nc4 Nc6 31. Nf3 Bxc4 32. dxc4 Rd8 33. Ne1 Rxa5 34. Rb1 Ra2 35. Nd3 a5 36. Nc5 b6 37. Ne6 Rd7 38. Re2 Nd4 39. Nxd4 Rxd4 40. Kf2 Kf7 41. g4 a4 42. Rbe1 Rb2 43. bxa4 Rxc4 44. Rd1 Rcxc2 45. Rxc2 Rxc2+ 46. Ke3 b3 47. h4 Ke7 48. g5 c5 49. g6 h5 0-1


[Site "https://www.chess.com"]

[Event "Titled Tuesday Blitz June 27 Late 2023"]
[White "Naroditsky, Daniel"]
[Black "Xiong, Jeffery"]
[WhiteFideId "2026961"]
[BlackFideId "2047640"]
[WhiteElo "3096"]
[BlackElo "2926"]
[Result "1/2-1/2"]
[Round "10"]
[TimeControl "180+2"]
[Date "2023.06.27"]
[WhiteClock "0:00:25"]
[BlackClock "0:01:24"]
[Board "6"]

1. e4 c5 2. Nf3 d6 3. Bb5+ Nc6 4. O-O Bd7 5. Re1 a6 6. Bf1 Nf6 7. c3 Bg4 8. h3 Bxf3 9. Qxf3 e6 10. Qd1 Be7 11. d4 d5 12. e5 Nd7 13. Be3 Qb6 14. b3 O-O 15. Bd3 cxd4 16. cxd4 f5 17. exf6 Bxf6 18. Qh5 g6 19. Bxg6 hxg6 20. Qxg6+ Bg7 21. Qxe6+ Rf7 22. Nc3 Nxd4 23. Qxd5 Qc6 24. Rad1 Qxd5 25. Nxd5 Nc2 26. Re2 Nxe3 27. Rxe3 Be5 28. Nb6 Nxb6 29. Rxe5 Rc8 30. Rd2 Nd7 31. Red5 Rc7 32. g4 Nf6 33. Re5 Nd7 34. Red5 Nf6 35. Re5 Nd7 36. Red5 1/2-1/2


[Site "https://www.chess.com"]

[Event "Titled Tuesday Blitz June 27 Late 2023"]
[White "Pranesh M"]
[Black "Durarbayli, Vasif"]
[WhiteFideId "35028600"]
[BlackFideId "13402935"]
[WhiteElo "3028"]
[BlackElo "2922"]
[Result "1-0"]
[Round "10"]
[TimeControl "180+2"]
[Date "2023.06.27"]
[WhiteClock "0:01:26"]
[BlackClock "0:00:01"]
[Board "7"]

1. e4 c5 2. Nf3 d6 3. d4 cxd4 4. Nxd4 Nf6 5. Nc3 Nc6 6. Bg5 Qb6 7. Nb3 e6 8. Qd2 a6 9. O-O-O Be7 10. f4 O-O 11. g4 Rd8 12. Bd3 Nxg4 13. Bxe7 Nxe7 14. Rhg1 Nf2 15. Rdf1 Nxd3+ 16. cxd3 d5 17. f5 exf5 18. Qg5 Kf8 19. Qxg7+ Ke8 20. exd5 Nxd5 21. Qe5+ Be6 22. Nd4 Nxc3 23. bxc3 Rxd4 24. cxd4 Rc8+ 25. Kd2 Qb2+ 26. Ke3 Rc2 27. Qd6 Rg2 28. Rxg2 Qxg2 29. Rf2 Qg5+ 30. Qf4 Qg1 31. Qg3 Qc1+ 32. Rd2 Kd7 33. Ke2 Qa1 34. Rc2 Qxd4 35. Rc7+ Kd8 36. Rxb7 Bd7 37. Qe3 Qd5 38. Rb8+ Kc7 39. Qb6# 1-0


[Site "https://www.chess.com"]

[Event "Titled Tuesday Blitz June 27 Late 2023"]
[White "Dardha, Daniel"]
[Black "Grischuk, Alexander"]
[WhiteFideId "240990"]
[BlackFideId "4126025"]
[WhiteElo "2915"]
[BlackElo "3021"]
[Result "0-1"]
[Round "10"]
[TimeControl "180+2"]
[Date "2023.06.27"]
[WhiteClock "0:00:00"]
[BlackClock "0:00:30"]
[Board "8"]

1. e4 e5 2. Nf3 Nc6 3. Bb5 Nf6 4. O-O Nxe4 5. Re1 Nd6 6. Nxe5 Be7 7. Bf1 Nxe5 8. Rxe5 O-O 9. d4 Bf6 10. Re2 b6 11. Re1 Bb7 12. Bf4 Nf5 13. c3 Bg5 14. Qg4 Bxf4 15. Qxf4 Nh4 16. Nd2 d6 17. Re3 Ng6 18. Qg3 c5 19. Nc4 cxd4 20. cxd4 Bd5 21. Nxd6 Qf6 22. Nb5 Rad8 23. Rd1 Bxa2 24. Ra3 Bd5 25. Rxa7 Bc6 26. h3 Nf4 27. Kh2 Rd5 28. Qb3 Nxg2 29. Bxg2 Rxb5 30. Qe3 Qd6+ 0-1


[Site "https://www.chess.com"]